 Dungeon Crawl Stone Soup version 0.28-a0-1447-ga5a8893891 (webtiles) character file.

Game seed: 528745697829218574

553 eustatius the Poker (level 7, -3/54 HPs)
             Began as a Merfolk Fighter on Jan 10, 2022.
             Was a Priest of Elyvilon.
             Slain by a shadow (7 damage)
             ... on level 5 of the Dungeon.
             The game lasted 00:19:51 (5824 turns).

eustatius the Poker (Merfolk Fighter)               Turns: 5824, Time: 00:19:52

Health: -3/54      AC: 10    Str: 19    XL:     7   Next: 29%
Magic:  5/7        EV:  7    Int:  7    God:    Elyvilon [***...]
Gold:   143        SH: 13    Dex: 13    Spells: 6/6 levels left

rFire   . . .      SeeInvis .   a - +0 trident
rCold   . . .      Faith    .   y - +0 tower shield
rNeg    . . .      Spirit   .   b - +0 scale mail
rPois   .          Reflect  .   w - +0 helmet
rElec   .          Harm     .   (no cloak)
rCorr   .          Rampage  .   x - +1 pair of gloves
Will    .....                   (no boots)
Stlth   ..........              (no amulet)
HPRegen 0.18/turn               (no ring)
MPRegen 0.10/turn               (no ring)

@: no status effects
A: (nimble swimmer 2), mertail
a: Renounce Religion, Purification, Heal Other, Heal Self


You were on level 5 of the Dungeon.
You worshipped Elyvilon.
Elyvilon was most pleased with you.
You visited 1 branch of the dungeon, and saw 5 of its levels.

You collected 143 gold pieces.

Inventory:

Hand Weapons
 a - a +0 trident (weapon)
Missiles
 i - 6 javelins
 s - 20 poisoned darts (quivered)
Armour
 b - a +0 scale mail (worn)
 c - a scarf of harm
 n - a +0 helmet
 w - a +0 helmet (worn)
 x - a +1 pair of gloves (worn)
 y - a +0 tower shield (worn)
 A - an orb of wrath
Jewellery
 t - a ring of wizardry
Scrolls
 f - a scroll of torment {unknown}
 g - 5 scrolls of teleportation {unknown}
 j - 2 scrolls of amnesia {unknown}
 l - a scroll of fear {unknown}
 m - a scroll of enchant armour {unknown}
 u - 2 scrolls of fog {unknown}
 B - a scroll of immolation {unknown}
 C - a scroll of enchant weapon {unknown}
Potions
 d - a potion of might
 e - a potion of brilliance {unknown}
 h - a potion of heal wounds {unknown}
 k - 2 potions of attraction {unknown}
 o - a potion of resistance {unknown}
 p - 2 potions of berserk rage {unknown}
 q - 2 potions of curing
 r - a potion of magic {unknown}
 v - 2 potions of ambrosia {unknown}
 z - a potion of invisibility {unknown}


   Skills:
 + Level 4.1 Fighting
 * Level 7.7 Polearms
 + Level 2.8 Armour
 * Level 4.0 Dodging
 + Level 0.1 Stealth
 + Level 4.0 Shields
 + Level 1.1 Invocations


You had 6 spell levels left.
You didn't know any spells.
Your spell library contained the following spells:

 Spells                   Type           Power      Damage    Failure   Level
 Beastly Appendage        Tmut           0%         N/A       100%        1
 Wereblood                Tmut           0%         N/A       100%        2
 Spider Form              Tmut/Pois      0%         N/A       100%        3


Dungeon Overview and Level Annotations

Branches:
Dungeon (5/15)
 Temple: D:4-7

Altars:
Elyvilon

Shops:
D:1 ?*?!


Innate Abilities, Weirdness & Mutations

((You are very nimble when in or above water. (Stealth+, EV+, Speed+++)))
Your lower body shifts to a powerful aquatic tail in water.


Message History

The shadow flickers and vanishes!
Deactivating autopickup; reactivate with Ctrl-A.
The shadow strikes at you from the darkness!
You closely miss something.
The shadow strikes at you from the darkness!
Elyvilon protects you from harm!
Reactivating autopickup.
You closely miss the shadow.
The shadow is heavily damaged.
You block the shadow's attack.
You hit the shadow but do no damage.
The shadow is heavily damaged.
You block the shadow's attack.
You hit the shadow.
The shadow is severely damaged.
The shadow hits you.
* * * LOW HITPOINT WARNING * * *
You block the shadow's attack.
You are healed.
The shadow slips into darkness.
The shadow flickers and vanishes!
Deactivating autopickup; reactivate with Ctrl-A.
You closely miss something.
The shadow strikes at you from the darkness!
You barely miss something.
The shadow strikes at you from the darkness!
Ouch! That really hurt!
* * * LOW HITPOINT WARNING * * *
Reactivating autopickup.
You completely miss the shadow.
The shadow is heavily damaged.
The shadow barely misses you. The shadow hits you.
* * * LOW HITPOINT WARNING * * *
You hit the shadow.
The shadow is severely damaged.
You block the shadow's attack.
You hit the shadow.
The shadow is almost destroyed.
The shadow hits you!
You die...

.........#
#.......###.........#
.........#
#.............#######
.....#.##########........#
................#........#
....)#..........#........#
.....#...................#
........!.....##...........
............................
.............$.W@...........
............##..........
............##...####...
............###### #
........#### .........
.###..... #....


You could see a shadow.

Vanquished Creatures
  A water moccasin (D:4)
  A bullfrog zombie (D:5)
  A hound (D:4)
  2 orc priests (D:4)
  A bullfrog skeleton (D:5)
  Jessica (D:2)
  2 iguanas
  A hound skeleton (D:4)
  Robin (D:4)
  3 gnolls (D:4)
  5 adders
  2 worms
  A dart slug (D:3)
  16 orcs
  3 bats
  6 endoplasms
  A giant cockroach (D:1)
  17 goblins
  10 hobgoblins
  4 jackals
  3 quokkas
  7 ball pythons
  5 frilled lizards
  9 kobolds
  5 rats
108 creatures vanquished.

Notes
Turn   | Place    | Note
-------+----------+-------------------------------------------
     0 | D:1      | eustatius the Merfolk Fighter began the quest for the Orb.
     0 | D:1      | Reached XP level 1. HP: 18/18 MP: 1/1
    33 | D:1      | Found Ydu Daun's Distillery.
   136 | D:1      | Found Cemaptim's Magic Scroll Emporium.
   149 | D:1      | Found Amaggey's Assorted Antiques.
   190 | D:1      | Reached XP level 2. HP: 20/24 MP: 2/2
   456 | D:1      | Found Ije Sili's Magic Scroll Boutique.
   599 | D:1      | Found a faded altar of an unknown god.
  1219 | D:1      | Prayed at the altar of an unknown god.
  1219 | D:1      | Became a worshipper of Elyvilon the Healer
  1219 | D:1      | Reached * piety under Elyvilon
  1446 | D:2      | Noticed Jessica
  1464 | D:2      | Reached XP level 3. HP: 16/29 MP: 3/3
  1467 | D:2      | Killed Jessica
  1468 | D:2      | Reached skill level 4 in Polearms
  1468 | D:2      | Reached skill level 1 in Dodging
  1886 | D:2      | Reached XP level 4. HP: 33/36 MP: 4/4
  2041 | D:2      | Reached ** piety under Elyvilon
  3233 | D:3      | Reached skill level 5 in Polearms
  3390 | D:3      | Reached XP level 5. HP: 33/42 MP: 5/5
  3696 | D:3      | Reached *** piety under Elyvilon
  3807 | D:4      | Noticed a water moccasin
  3822 | D:4      | Killed a water moccasin
  3823 | D:4      | Reached skill level 6 in Polearms
  3823 | D:4      | Reached XP level 6. HP: 14/48 MP: 2/6
  4261 | D:4      | Noticed Robin
  4296 | D:4      | Killed Robin
  4350 | D:4      | Elyvilon protects you from harm!
  5143 | D:4      | Reached skill level 7 in Polearms
  5147 | D:4      | Reached XP level 7. HP: 37/54 MP: 7/7
  5656 | D:5      | Entered Level 5 of the Dungeon
  5718 | D:5      | Reached skill level 1 in Invocations
  5788 | D:5      | Reached **** piety under Elyvilon
  5792 | D:5      | Noticed a shadow
  5815 | D:5      | Elyvilon protects you from harm!
  5824 | D:5      | Slain by a shadow

Illustrated notes

Levels and vault maps discovered:
D:1:      minmay_arrival_stair_chambers, layout_loops_ring, serial_shops,
          shop_fountains, nicolae_shop_advertising_works
          [nicolae_subvault_shop_adworks], shop, shop,
          hellmonk_ecumenical_altar_leap_of_faith
D:2:      layout_rooms, serial_co_window_serial, co_window_paths_b,
          co_window_corner_a, co_window_paths_a, co_window_paths_b,
          co_window_paths_a, co_window_corner_a, co_window_of_opportunity_a,
          co_window_broadway_c, co_window_2corner, co_window_2corner,
          co_window_broadway_a, co_window_paths_c, uniq_jessica
D:3:      cheibrodos_greedy_goblins, layout_basic
D:4:      layout_basic, serial_rivers, chequers_serial_rivers_room_a,
          chequers_serial_rivers_small_3, chequers_serial_rivers_micro_c,
          chequers_serial_rivers_micro_d, chequers_serial_rivers_small_b,
          chequers_serial_rivers_micro_b, uniq_robin
D:5:      kennysheep_six_static_rooms, layout_basic,
          mainiacjoe_overflow_alcove_2

Skill      XL: |  1  2  3  4  5  6  7 |
---------------+----------------------+-----
Polearms       | 4 5 6 7 |  7.7
Dodging        | 1 2 3 4 |  4.0
Fighting       | 4 |  4.1
Shields        | 4 |  4.0
Invocations    | 1 |  1.1
Armour         | |  2.8
Stealth        | |  0.1

Action                   |  1- 3 |  4- 6 |  7- 9 || total
-------------------------+-------+-------+-------++-------
Melee: Trident           |    93 |   279 |    58 ||   430
Invok: Purification      |       |     2 |       ||     2
       Heal Self         |       |     1 |     1 ||     2
  Use: Potion            |       |     1 |       ||     1
Armor: Scale mail        |    48 |   131 |    16 ||   195
Dodge: Dodged            |    42 |    82 |     9 ||   133
Block: Buckler           |    18 |    38 |       ||    56
       Tower shield      |       |    83 |    35 ||   118

Table legend: (Time is in decaauts)
 A = Elapsed time spent in this place.
 B = Non-inter-level travel time spent in this place.
 C = Inter-level travel time spent in this place.
 D = Time resting spent in this place.
 E = Time spent auto-exploring this place.
 F = Levels seen in this place.
 G = Mean time per level.
                   A        B        C        D        E       F      G
               +--------+--------+--------+--------+--------+-----+--------+
         Total |   5902 |   5140 |    762 |   1020 |   2869 |   5 | 1180.4 |
       Dungeon |   5902 |   5140 |    762 |   1020 |   2869 |   5 | 1180.4 |
               +--------+--------+--------+--------+--------+-----+--------+

Top non-repeatable levels by time:
     D:4: 1881 daAuts
     D:2: 1474 daAuts
     D:1: 1323 daAuts
     D:3: 1041 daAuts
     D:5: 180 daAuts
